 Dungeon Crawl Stone Soup version 0.21.1 (webtiles) character file.

98 Fascinator the Skirmisher (level 4, -14/35 HPs)
             Began as a Mummy Fighter on Feb 4, 2018.
             Killed by divine providence
             ... invoked by an orc priest
              (15 damage)
             ... on level 3 of the Dungeon.
             The game lasted 00:04:19 (2199 turns).

Fascinator the Skirmisher (Mummy Fighter)           Turns: 2199, Time: 00:04:20

Health: -14/35     AC:  9    Str: 20    XL:     4   Next: 44%
Magic:  4/4        EV:  7    Int:  7    God:
Gold:   81         SH:  9    Dex: 11    Spells: 3/3 levels left

rFire    x . .     SeeInvis .   a - +0 war axe
rCold    + . .     Gourm    .   c - +0 shield
rNeg     + + +     Faith    .   b - +0 scale mail
rPois    ∞         Spirit   .   j - +2 helmet
rElec    .         Reflect  .   (no cloak)
rCorr    .         Harm     .   (no gloves)
MR       .....                  (no boots)
Stlth    ..........             (no amulet)
HPRegen  0.11/turn              f - ring of flight
MPRegen  0.09/turn              (no ring)

@: no status effects
A: no food or potions, fire vulnerability, cold resistance 1, negative energy
resistance 3, torment resistance, unbreathing
a: Evoke Flight


You were on level 3 of the Dungeon.
You were not hungry.

You visited 1 branch of the dungeon, and saw 3 of its levels.

You collected 81 gold pieces.

Inventory:

Hand Weapons
 a - a +0 war axe (weapon)
Armour
 b - a +0 scale mail (worn)
 c - a +0 shield (worn)
 j - a +2 helmet (worn)
Jewellery
 f - a ring of flight (left hand)
 m - an uncursed ring of protection from magic {unknown}
Scrolls
 d - 3 scrolls of blinking {unknown}
 e - 3 scrolls of amnesia {unknown}
 g - 2 scrolls of identify {unknown}
 h - 3 scrolls of remove curse {unknown}
 i - a scroll of enchant armour {unknown}
 k - 2 scrolls of teleportation {unknown}
 l - a scroll of enchant weapon {unknown}


   Skills:
 + Level 3.5 Fighting
 + Level 2.2 Axes
 + Level 3.0 Armour
 + Level 3.2 Shields


You had 3 spell levels left.
You didn't know any spells.

Dungeon Overview and Level Annotations

Branches:
Dungeon (3/15)

Altars:
Ashenzari
Trog
Uskayaw
Wu Jian
Yredelemnul


Innate Abilities, Weirdness & Mutations

You do not eat or drink.
Your flesh is vulnerable to fire.
You are immune to poison.
Your flesh is cold resistant. (rC+)
You are immune to negative energy. (rN+++)
You are immune to unholy pain and torment.
You can survive without breathing.


Message History

You are too injured to fight recklessly!
You are too injured to fight recklessly!
The adder bites you.
The orc priest miscasts a cantrip.
You block the adder's attack.
You closely miss the adder.
The adder bites you but does no damage. x2
You barely miss the adder.
The orc priest looks satisfied for a moment.
You block the adder's attack. x2
You barely miss the adder. The adder barely misses you.
You block the adder's attack.
You hit the adder but do no damage.
The orc priest invokes the aid of Beogh against you.
Beogh smites you!
* * * LOW HITPOINT WARNING * * *
The adder bites you but does no damage.
You closely miss the adder.
The adder bites you but does no damage. x2
The orc priest mumbles some strange prayers to Beogh against you.
Beogh smites you!
You die...

##### #.# ##...#
#.# ##....# #.#
##..#### #.#
###...# #.#
###...#.## #.#
#........# #.#
..#......# #.#
.........# #@#
###......# #S#
#......# #.# #
#####.## #o# ###
#.# #.# ..#####.##
#o# #........#####
#o# #######......#
#g#
............####)#


You could see an orc priest, an adder, 2 orcs and a hobgoblin.

Vanquished Creatures
  A gnoll (D:1)
  2 adders (D:2)
  2 oozes
  A dart slug (D:1)
  A leopard gecko (D:1)
  4 orcs (D:3)
  9 goblins
  11 hobgoblins
  A quokka (D:3)
  9 bats
  3 frilled lizards
  5 kobolds
  4 rats
53 creatures vanquished.

Notes
Turn   | Place    | Note
-------+----------+-------------------------------------------
     0 | D:1      | Fascinator the Mummy Fighter began the quest for the Orb.
     0 | D:1      | Reached XP level 1. HP: 18/18 MP: 1/1
    10 | D:1      | Reached XP level 2. HP: 15/24 MP: 2/2
   623 | D:1      | Reached XP level 3. HP: 23/29 MP: 3/3
  1629 | D:2      | Reached XP level 4. HP: 35/35 MP: 4/4
  1688 | D:2      | Found an ornate altar of the Wu Jian Council.
  1688 | D:2      | Found a faded altar of an unknown god.
  1693 | D:2      | Found a shattered altar of Ashenzari.
  1700 | D:2      | Found a basalt altar of Yredelemnul.
  1701 | D:2      | Found a hide-covered altar of Uskayaw.
  2110 | D:3      | Found a bloodstained altar of Trog.
  2196 | D:3      | HP: 1/35 [orc priest/divine providence (12)]
  2199 | D:3      | Killed from afar by an orc priest

Skill      XL: |  1  2  3 |
---------------+----------+-----
Shields        | 3 |  3.2
Axes           | 2 |  2.2
Armour         | 3 |  3.0
Fighting       | |  3.5

Action                   |  1- 3 |  4- 6 || total
-------------------------+-------+-------++-------
Melee: War axe           |   131 |    60 ||   191
Armor: Scale mail        |    66 |    33 ||    99
Dodge: Dodged            |    51 |    19 ||    70
Block: Shield            |    80 |    34 ||   114
